[Event "Titled Tuesday Blitz January 31 Early 2023"]
[White "Fiorito, Joaquin"]
[Black "Zaichenko, Daria"]
[WhiteFideId "180173"]
[BlackFideId "4197453"]
[WhiteElo "2405"]
[BlackElo "2104"]
[Result "1-0"]
[Round "02"]
[TimeControl "180+2"]
[Date "2023.01.31"]
[WhiteClock "0:01:37"]
[BlackClock "0:01:08"]

1. d4 d5 2. Nc3 Nf6 3. Bf4 c6 4. e3 Bf5 5. f3 h6 6. g4 Bh7 7. h4 e6 8. Qd2 Bd6 9. Nh3 Bxf4 10. Nxf4 Nbd7 11. g5 hxg5 12. hxg5 Ng8 13. g6 Ngf6 14. gxh7 Rxh7 15. Rxh7 Nxh7 16. O-O-O Qe7 17. e4 O-O-O 18. Kb1 Ng5 19. Qf2 Qf6 20. Qg3 dxe4 21. fxe4 Nb6 22. e5 Qh6 23. Bg2 Rh8 24. b3 Qh4 25. Qe3 Qg4 26. Rg1 Qf5 27. Ne4 Nxe4 28. Bxe4 Nd5 29. Nxd5 1-0


[Site "https://www.chess.com"]

[Event "Titled Tuesday Blitz January 31 Early 2023"]
[White "Royal, Shreyas"]
[Black "Cueto, Jonny"]
[WhiteFideId "448869"]
[BlackFideId "3300145"]
[WhiteElo "2438"]
[BlackElo "2122"]
[Result "1-0"]
[Round "02"]
[TimeControl "180+2"]
[Date "2023.01.31"]
[WhiteClock "0:01:45"]
[BlackClock "0:00:03"]

1. e4 e6 2. d4 d5 3. Nd2 Nc6 4. Ngf3 Nf6 5. exd5 exd5 6. Bb5 Bd6 7. O-O O-O 8. Nb3 Bg4 9. h3 Bh5 10. Bg5 h6 11. Bh4 g5 12. Bg3 Bxg3 13. fxg3 Ne4 14. g4 Bg6 15. Bxc6 bxc6 16. Ne5 Qd6 17. Qf3 a5 18. a4 Kg7 19. Rfe1 f5 20. Nxg6 Qxg6 21. gxf5 Rxf5 22. Qg4 Raf8 23. Nc5 R8f6 24. Nxe4 dxe4 25. Rxe4 h5 26. Qe2 Rf2 27. Qe3 g4 28. Re7+ Rf7 29. Qe5+ Kh7 30. Re8 g3 31. Rh8# 1-0


[Site "https://www.chess.com"]

[Event "Titled Tuesday Blitz January 31 Early 2023"]
[White "Baruch, Liam"]
[Black "Slade, Theodore"]
[WhiteFideId "14322064"]
[BlackFideId "426547"]
[WhiteElo "1718"]
[BlackElo "1995"]
[Result "1/2-1/2"]
[Round "02"]
[TimeControl "180+2"]
[Date "2023.01.31"]
[WhiteClock "0:00:06"]
[BlackClock "0:01:12"]

1. e4 e5 2. Nf3 Nc6 3. d4 exd4 4. Nxd4 Nf6 5. Nc3 Bb4 6. Nxc6 bxc6 7. Bd3 d5 8. exd5 O-O 9. O-O cxd5 10. h3 c6 11. Qf3 Rb8 12. Bf4 Bd6 13. b3 Re8 14. Rfe1 Be6 15. Ne2 c5 16. Bxd6 Qxd6 17. Nf4 Bd7 18. Rad1 Bc6 19. Qg3 h6 20. Nh5 Qxg3 21. Nxg3 g6 22. Kf1 Kg7 23. Rxe8 Rxe8 24. Re1 Rxe1+ 25. Kxe1 Nd7 26. Kd2 Kf6 27. Ne2 d4 28. f3 h5 29. Ng3 Ke5 30. Be4 Bxe4 31. Nxe4 Kf4 32. Ke2 f5 33. g3+ Ke5 34. Nd2 Nb6 35. Kd3 Kd5 36. a4 a6 37. a5 Nd7 38. Nc4 g5 39. f4 gxf4 40. gxf4 Nf8 41. Nb6+ Kc6 42. Kc4 Ne6 43. Na4 Kd6 44. h4 Kc6 45. c3 dxc3 46. Kxc3 Nxf4 47. Kc4 Ne6 48. Nc3 Nd8 49. Nd5 Nb7 50. Ne7+ Kd7 51. Nxf5 Nxa5+ 52. Kxc5 Nxb3+ 53. Kb6 a5 54. Kb5 Ke6 55. Ng7+ Kf6 56. Nxh5+ Kg6 57. Ka4 Kxh5 58. Kxb3 Kxh4 59. Ka4 Kg5 60. Kxa5 1/2-1/2


[Site "https://www.chess.com"]

[Event "Titled Tuesday Blitz January 31 Early 2023"]
[White "Schekachikhin, Maksim"]
[Black "Filgueiras, Nathan Felipe"]
[WhiteFideId "24177830"]
[BlackFideId "2188562"]
[WhiteElo "2371"]
[BlackElo "2319"]
[Result "1-0"]
[Round "02"]
[TimeControl "180+2"]
[Date "2023.01.31"]
[WhiteClock "0:00:12"]
[BlackClock "0:00:08"]

1. Nf3 Nf6 2. c4 e6 3. Nc3 d5 4. e3 Be7 5. b3 O-O 6. Bb2 c6 7. d4 Nbd7 8. Bd3 b6 9. O-O a5 10. Qc2 Ba6 11. e4 dxe4 12. Nxe4 Qc7 13. Rfe1 h6 14. Rad1 Nxe4 15. Bxe4 Nf6 16. Bd3 Rad8 17. Ne5 c5 18. dxc5 Bxc5 19. Qe2 Bb7 20. Ng4 Nh7 21. h4 Qc6 22. Nxh6+ Kh8 23. Qg4 f6 24. Rxe6 Qd7 25. Bc2 Qc7 26. Nf5 Rxd1+ 27. Qxd1 Rd8 28. Qe2 Qd7 29. h5 Nf8 30. Re7 Qd2 31. h6 Qxe2 32. hxg7+ Kg8 33. gxf8=Q+ Kxf8 34. Rxe2 Bc6 35. Bxf6 Rd7 36. Nh4 Kf7 37. Bc3 Rd8 38. Bg6+ Kf8 39. Bf6 Rd1+ 40. Kh2 Bd6+ 41. Be5 Bc5 42. Bg3 Rd7 43. Be4 Bxe4 44. Rxe4 Rd2 45. a4 Rd3 46. Ng6+ Kg7 47. Ne5 Rxb3 48. Nd7 Rb4 49. Nxc5 bxc5 50. Bd6 Rxa4 51. Bxc5 Ra1 52. Bd4+ 1-0


[Site "https://www.chess.com"]

[Event "Titled Tuesday Blitz January 31 Early 2023"]
[White "Sowul, Bartosz"]
[Black "Martinez Alcantara, Jose Eduardo"]
[WhiteFideId "1137590"]
[BlackFideId "3805662"]
[WhiteElo "2269"]
[BlackElo "2619"]
[Result "0-1"]
[Round "02"]
[TimeControl "180+2"]
[Date "2023.01.31"]
[WhiteClock "0:00:17"]
[BlackClock "0:01:22"]

1. e4 c5 2. Nc3 Nc6 3. Bb5 Nd4 4. Nf3 Nxb5 5. Nxb5 d6 6. d4 a6 7. Nc3 cxd4 8. Qxd4 e5 9. Qb4 Ne7 10. Be3 Nc6 11. Qb6 Qxb6 12. Bxb6 Be6 13. O-O-O Be7 14. Bc7 Kd7 15. Bb6 Ke8 16. Bc7 Kd7 17. Bb6 Rac8 18. a3 Ke8 19. Kb1 f5 20. Nd2 Kf7 21. f3 g6 22. Rhe1 h5 23. Nf1 Nb8 24. Ba5 Nc6 25. Bb6 h4 26. h3 Nb8 27. Ne3 Nd7 28. Ba5 Rc6 29. Ncd5 Rhc8 30. Re2 b6 31. Bb4 a5 32. Nxe7 Kxe7 33. Be1 Rh8 34. Red2 fxe4 35. fxe4 Nf6 36. Nd5+ Bxd5 37. exd5 Rc4 38. Bf2 b5 39. b3 Re4 40. Re1 g5 41. Re3 a4 42. Rc3 Kd7 43. Kb2 Rf4 44. Be3 Ne4 45. Bxf4 gxf4 46. Re2 Nxc3 47. Kxc3 Rc8+ 48. Kb4 axb3 49. cxb3 Rc5 50. Rd2 Kc7 51. Re2 Rxd5 52. a4 bxa4 53. bxa4 Rd4+ 54. Kb3 e4 55. a5 d5 56. a6 Kb6 57. Ra2 Ka7 58. Kc3 Rc4+ 59. Kb3 e3 60. Re2 Rc6 61. Kb2 d4 62. Re1 d3 0-1


[Site "https://www.chess.com"]

[Event "Titled Tuesday Blitz January 31 Early 2023"]
[White "Battlecruiser_Operational"]
[Black "Jobava, Baadur"]
[BlackFideId "13601520"]
[WhiteElo "2422"]
[BlackElo "2578"]
[Result "0-1"]
[Round "02"]
[TimeControl "180+2"]
[Date "2023.01.31"]
[WhiteClock "0:00:10"]
[BlackClock "0:02:27"]

1. d4 Nf6 2. c4 c5 3. d5 g6 4. Nc3 Bg7 5. e4 d6 6. Nf3 O-O 7. Be2 e6 8. Nd2 exd5 9. cxd5 Re8 10. O-O a6 11. a4 Nbd7 12. Qc2 Rb8 13. a5 Ne5 14. h3 g5 15. Nc4 Nfd7 16. Nxd6 Rf8 17. f4 gxf4 18. Bxf4 Ng6 19. Bh2 Be5 20. Nxc8 Bxh2+ 21. Kxh2 Rxc8 22. Bg4 Qc7+ 23. Kh1 Rcd8 24. Rad1 Nde5 25. Bf5 c4 26. Qa4 Nd3 27. Rd2 Nge5 28. b4 Kh8 29. b5 Rg8 30. Qa3 Rd6 31. bxa6 bxa6 32. Rb1 Rh6 33. Ne2 Nf3 34. Rxd3 Qh2# 0-1


[Site "https://www.chess.com"]

[Event "Titled Tuesday Blitz January 31 Early 2023"]
[White "Sanchez, Robert"]
[Black "Deac, Bogdan-Daniel"]
[WhiteFideId "2034360"]
[BlackFideId "1226380"]
[WhiteElo "1966"]
[BlackElo "2700"]
[Result "0-1"]
[Round "02"]
[TimeControl "180+2"]
[Date "2023.01.31"]
[WhiteClock "0:00:01"]
[BlackClock "0:00:12"]

1. e4 g6 2. d4 Bg7 3. Nc3 d6 4. Be3 Nc6 5. f3 e5 6. d5 Nce7 7. Qd2 f5 8. O-O-O a6 9. h3 f4 10. Bf2 Nf6 11. Bd3 b5 12. Kb1 O-O 13. Nce2 Bd7 14. g3 fxg3 15. Nxg3 c6 16. dxc6 Nxc6 17. h4 h5 18. Nh3 Nh7 19. Be2 Nd4 20. Bxd4 exd4 21. Rdg1 Qf6 22. f4 Bxh3 23. Rxh3 Qxf4 24. Qd1 Qe5 25. Bd3 Nf6 26. Nf1 Ng4 27. Rhg3 Rf6 28. Rxg4 hxg4 29. Qxg4 Raf8 30. a3 Qe6 31. Qg3 Rf3 32. Qe1 Qh3 33. Nd2 Re3 34. Qd1 Rxd3 35. cxd3 Qxd3+ 36. Ka1 Rf2 37. Qg4 Qxd2 38. Qe6+ Kh8 39. Qe8+ Bf8 40. Rb1 Qh6 41. e5 dxe5 42. Qxe5+ Qg7 43. Qe8 d3 44. h5 g5 45. h6 Qf6 46. h7 d2 0-1


[Site "https://www.chess.com"]

[Event "Titled Tuesday Blitz January 31 Early 2023"]
[White "Bluebaum, Matthias"]
[Black "Krzywda, Andrzej"]
[WhiteFideId "24651516"]
[BlackFideId "1114565"]
[WhiteElo "2669"]
[BlackElo "2223"]
[Result "1-0"]
[Round "02"]
[TimeControl "180+2"]
[Date "2023.01.31"]
[WhiteClock "0:02:18"]
[BlackClock "0:01:11"]

1. d4 d5 2. c4 dxc4 3. e4 e5 4. Nf3 Bb4+ 5. Bd2 Bxd2+ 6. Qxd2 exd4 7. Nxd4 Ne7 8. Nc3 Nbc6 9. Nxc6 Qxd2+ 10. Kxd2 Nxc6 11. Bxc4 Be6 12. Bxe6 fxe6 13. Ke3 Ne5 14. b3 g5 15. f3 Ke7 16. h4 h6 17. Rad1 a6 18. Na4 b6 19. Rc1 Ra7 20. hxg5 h5 21. g4 h4 22. f4 Ng6 23. e5 Rb7 24. Ke4 c5 25. f5 Nf8 26. g6 1-0


[Site "https://www.chess.com"]

[Event "Titled Tuesday Blitz January 31 Early 2023"]
[White "Kozak, Adam"]
[Black "Chakravarthi Reddy, M"]
[WhiteFideId "753246"]
[BlackFideId "25009532"]
[WhiteElo "2572"]
[BlackElo "2279"]
[Result "1-0"]
[Round "02"]
[TimeControl "180+2"]
[Date "2023.01.31"]
[WhiteClock "0:01:19"]
[BlackClock "0:00:13"]

1. e4 c5 2. Nf3 d6 3. b3 Nc6 4. Bb2 Nf6 5. e5 dxe5 6. Nxe5 Qd5 7. Nxc6 Qxc6 8. Nc3 a6 9. Qe2 Bf5 10. O-O-O O-O-O 11. Rg1 Bg4 12. f3 Be6 13. g4 Nd5 14. Bg2 Nf4 15. Qe3 Nd5 16. Qe4 Nxc3 17. Qxc6+ bxc6 18. Bxc3 Bd5 19. f4 e6 20. Bf1 Kb7 21. Bd3 Ka7 22. Rde1 Rg8 23. h4 c4 24. Bxc4 Ba3+ 25. Kd1 Bxc4 26. bxc4 Bc5 27. Rg3 Bf2 28. Rh3 Bxe1 29. Kxe1 c5 30. h5 Rb8 31. g5 Rb1+ 32. Ke2 Rc1 33. Rd3 Rxc2 34. Rd7+ Kb6 35. a4 h6 36. Rxf7 hxg5 37. fxg5 Rc1 38. Rxg7 Rf8 39. a5+ Kc6 40. Rg6 Kd7 41. h6 Rh1 42. Kd3 Rh3+ 43. Kc2 Rf7 44. Rg8 Ke7 45. g6 Rff3 46. h7 Rfg3 47. h8=Q Rxh8 48. Bxh8 e5 49. Bxe5 1-0


[Site "https://www.chess.com"]

[Event "Titled Tuesday Blitz January 31 Early 2023"]
[White "Praggnanandhaa R"]
[Black "Estrada Nieto, Julian"]
[WhiteFideId "25059530"]
[BlackFideId "5101018"]
[WhiteElo "2688"]
[BlackElo "2215"]
[Result "1-0"]
[Round "02"]
[TimeControl "180+2"]
[Date "2023.01.31"]
[WhiteClock "0:01:37"]
[BlackClock "0:00:06"]

1. e4 e5 2. Nf3 Nc6 3. Bb5 a6 4. Ba4 Nf6 5. O-O Be7 6. Re1 b5 7. Bb3 d6 8. c3 O-O 9. h3 Bb7 10. d3 Na5 11. Bc2 c5 12. Nbd2 Re8 13. Nf1 h6 14. Ng3 Bf8 15. a3 g6 16. b4 Nc6 17. Bb3 d5 18. exd5 Nxd5 19. Ne4 Kg7 20. Qd2 Nf4 21. bxc5 Qxd3 22. Qa2 Na5 23. Bxf4 exf4 24. Rad1 Bxe4 25. Rxd3 Bxd3 26. Rxe8 Rxe8 27. Bxf7 Re2 28. Qd5 Bc4 29. Qd4+ Kxf7 30. Ne5+ Ke6 31. c6 Bd6 32. c7 Bxc7 33. Qd7+ Kxe5 34. Qxc7+ Kf5 35. Qxa5 Re1+ 36. Kh2 Re2 37. Qb6 f3 38. g4+ Kg5 39. Kg3 h5 40. Qd8+ Kh6 41. Qh8+ Kg5 42. h4# 1-0


[Site "https://www.chess.com"]

[Event "Titled Tuesday Blitz January 31 Early 2023"]
[White "Howell, David W L"]
[Black "Sai Han Thiha"]
[WhiteFideId "410608"]
[BlackFideId "13012290"]
[WhiteElo "2677"]
[BlackElo "2070"]
[Result "1-0"]
[Round "02"]
[TimeControl "180+2"]
[Date "2023.01.31"]
[WhiteClock "0:01:23"]
[BlackClock "0:00:18"]

1. e4 c6 2. c4 d5 3. e5 d4 4. d3 c5 5. Nd2 Nc6 6. f4 Nh6 7. Ne4 Bg4 8. Be2 e6 9. Bxg4 Qh4+ 10. Nf2 Nb4 11. Be2 Nf5 12. Nf3 Qd8 13. Ne4 Be7 14. O-O h5 15. Bd2 Nc6 16. Ng3 Nh6 17. Nxh5 Kf8 18. Ng3 Bh4 19. Be1 Ng4 20. Ne4 Ne3 21. Bxh4 Rxh4 22. Qe1 Rxf4 23. Qg3 Rf5 24. Rf2 Ne7 25. Nd6 Rh5 26. Nxd4 N7f5 27. N4xf5 Nxf5 28. Nxf5 exf5 29. Bxh5 1-0


[Site "https://www.chess.com"]

[Event "Titled Tuesday Blitz January 31 Early 2023"]
[White "Svane, Frederik"]
[Black "Kostiukov, Alexandr"]
[WhiteFideId "12923044"]
[BlackFideId "14108100"]
[WhiteElo "2600"]
[BlackElo "2271"]
[Result "1-0"]
[Round "02"]
[TimeControl "180+2"]
[Date "2023.01.31"]
[WhiteClock "0:00:11"]
[BlackClock "0:00:04"]

1. a3 g6 2. d4 Bg7 3. Nf3 c5 4. dxc5 Qc7 5. e3 Qxc5 6. b4 Qc7 7. Ra2 Nf6 8. Bb2 O-O 9. Be2 a5 10. b5 b6 11. O-O d6 12. c4 Nbd7 13. Nbd2 Nc5 14. Ra1 Bf5 15. Nd4 Bd7 16. Rc1 Rad8 17. Qc2 Bg4 18. N2f3 Rc8 19. h3 Bd7 20. Ba1 a4 21. Nd2 e5 22. N4f3 Bf5 23. Qa2 Rcd8 24. Rfd1 Bd3 25. Bxd3 Nxd3 26. Rb1 e4 27. Nxe4 Nxe4 28. Rxd3 Bxa1 29. Rxa1 Nc5 30. Rd5 Nb3 31. Rad1 Qxc4 32. Qb2 Rfe8 33. h4 h5 34. Qf6 Re6 35. Qxd8+ Kg7 36. Ng5 Rf6 37. Nh7 Rxf2 38. Kxf2 Nc5 39. Qf6+ Kxh7 40. Qxf7+ Kh6 41. Qf8+ Kh7 42. Qf7+ Kh8 43. Rxh5+ gxh5 44. Qxc4 1-0


[Site "https://www.chess.com"]

[Event "Titled Tuesday Blitz January 31 Early 2023"]
[White "Bachmann, Axel"]
[Black "Gjestemoen-VonHirsch, Andre"]
[WhiteFideId "3700488"]
[BlackFideId "1539531"]
[WhiteElo "2604"]
[BlackElo "2314"]
[Result "1-0"]
[Round "02"]
[TimeControl "180+2"]
[Date "2023.01.31"]
[WhiteClock "0:00:46"]
[BlackClock "0:00:17"]

1. Nf3 d5 2. e3 Nf6 3. c4 c6 4. Nc3 Bf5 5. cxd5 cxd5 6. Qb3 Qd7 7. Ne5 Qc7 8. Nxd5 Qxe5 9. Nxf6+ exf6 10. Qxb7 Bc5 11. Bb5+ Kf8 12. Qxa8 Be4 13. f4 Qe8 14. Bxe8 Bxa8 15. Bb5 Bxg2 16. Rg1 Bc6 17. Be2 g6 18. b4 Bxb4 19. Rb1 Bd6 20. Ba3 Bxa3 21. Rxb8+ Kg7 22. Rxh8 Kxh8 23. Kf2 Bd5 24. Rb1 Bc5 25. a4 Kg7 26. Rb5 1-0


[Site "https://www.chess.com"]

[Event "Titled Tuesday Blitz January 31 Early 2023"]
[White "Sychev, Klementy"]
[Black "Tarasova, Viktoriya"]
[WhiteFideId "4114060"]
[BlackFideId "4175840"]
[WhiteElo "2547"]
[BlackElo "2226"]
[Result "0-1"]
[Round "02"]
[TimeControl "180+2"]
[Date "2023.01.31"]
[WhiteClock "0:00:08"]
[BlackClock "0:00:12"]

1. e4 e5 2. Nf3 Nc6 3. Bb5 Nf6 4. O-O Nxe4 5. Re1 Nd6 6. a4 Be7 7. Nc3 O-O 8. d4 exd4 9. Nd5 Bf6 10. Bf4 a6 11. Bd3 h6 12. Qd2 g5 13. Bxd6 cxd6 14. Nh4 Ne5 15. Nf5 Bg7 16. f4 gxf4 17. Qxf4 Qg5 18. Qf2 Nxd3 19. cxd3 b5 20. h4 Qh5 21. Ng3 Qxd5 22. Nf5 Kh8 23. Re4 Bb7 24. Rg4 Rg8 25. Rf1 Kh7 26. Qf4 Qe6 0-1


[Site "https://www.chess.com"]

[Event "Titled Tuesday Blitz January 31 Early 2023"]
[White "Ibarra Jerez, Jose Carlos"]
[Black "Lotfizadeh, Mehdi"]
[WhiteFideId "2226332"]
[BlackFideId "42513618"]
[WhiteElo "2563"]
[BlackElo "1529"]
[Result "0-1"]
[Round "02"]
[TimeControl "180+2"]
[Date "2023.01.31"]
[WhiteClock "0:00:03"]
[BlackClock "0:00:55"]

1. e4 c5 2. Nf3 d6 3. d4 cxd4 4. Nxd4 e6 5. Nc3 a6 6. Be3 b5 7. a4 b4 8. Na2 Bb7 9. f3 Nf6 10. Qd2 d5 11. e5 Nfd7 12. f4 a5 13. Bb5 Bc5 14. Nc1 O-O 15. Ncb3 Bb6 16. O-O Nc5 17. Nxc5 Bxc5 18. f5 exf5 19. Nxf5 Bxe3+ 20. Qxe3 Bc8 21. Nd6 Be6 22. Rad1 Nd7 23. Qg3 Nc5 24. Kh1 Qb6 25. Qe3 Nxa4 26. Rd4 Nxb2 27. h4 Nc4 28. Bxc4 dxc4 29. h5 h6 30. Rf3 Kh8 31. Rg3 Rg8 32. Qf4 b3 33. cxb3 cxb3 34. Rd1 b2 35. Rb1 a4 36. Nxf7+ Bxf7 37. Qxf7 a3 38. Qa2 Qc5 39. e6 Qc1+ 40. Kh2 Qxb1 41. Qxb1 a2 42. Qxb2 a1=Q 43. Qxa1 Rxa1 44. e7 Re1 0-1


[Site "https://www.chess.com"]

[Event "Titled Tuesday Blitz January 31 Early 2023"]
[White "Melikhov, Evgeny V."]
[Black "Gurel, Ediz"]
[WhiteFideId "4122046"]
[BlackFideId "44507356"]
[WhiteElo "2269"]
[BlackElo "2499"]
[Result "0-1"]
[Round "02"]
[TimeControl "180+2"]
[Date "2023.01.31"]
[WhiteClock "0:00:05"]
[BlackClock "0:00:10"]

1. d4 Nf6 2. c4 e6 3. Nc3 d5 4. cxd5 exd5 5. Bg5 Be7 6. e3 O-O 7. Bd3 h6 8. Bh4 c6 9. Qc2 Be6 10. Nf3 Nbd7 11. O-O Re8 12. h3 Rc8 13. Ne5 c5 14. f4 cxd4 15. exd4 Ne4 16. Bxe7 Qxe7 17. f5 Nxe5 18. fxe6 Nxc3 19. bxc3 fxe6 20. dxe5 Rf8 21. Bh7+ Kh8 22. Bg6 Qg5 23. Rxf8+ Rxf8 24. Re1 Qg3 25. Re2 Rc8 26. Qd3 Qg5 27. Rf2 Qxe5 28. Qd4 Qg5 29. Bc2 Qg3 30. Qf4 Qxf4 31. Rxf4 Kg8 32. Bg6 Rxc3 33. Bf7+ Kh7 34. Bxe6 Rc1+ 35. Kh2 Rd1 36. Rf7 b6 37. Bf5+ Kg8 38. Bg6 d4 39. Rd7 Kf8 40. Rf7+ Kg8 41. Re7 Rf1 42. Rd7 Rf6 43. Rd8+ Rf8 44. Rxd4 b5 45. Rd7 a6 46. Rb7 Rd8 47. Re7 Kf8 48. Rf7+ Kg8 49. Ra7 Kf8 50. Rxa6 Ke7 51. Rb6 Rd5 52. Rb7+ Kf6 53. Be4 Rd2 54. Rxb5 Rxa2 55. Rf5+ Ke7 56. Rf7+ Ke6 57. Rxg7 Ra4 58. Bf3 Kf6 59. Rh7 Ra1 60. Rxh6+ Kg5 61. Rb6 Ra4 62. Rb5+ Kh6 63. Rc5 Ra2 64. Kg3 Ra4 65. h4 Rb4 66. Rd5 Kg6 67. Re5 Kf6 68. Re4 Rb1 69. Kf4 Rh1 70. h5 Kg7 71. g4 Rg1 72. g5 Rf1 73. Re7+ Kf8 74. Ra7 Ra1 75. Ke5 Rxa7 76. h6 Kg8 77. Be4 Ra5+ 78. Bd5+ Kh7 79. Kd4 Kg6 80. Be4+ Kf7 81. h7 Kg7 82. g6 Rh5 83. Bd3 Rh6 84. Kc3 Rh4 85. Kd2 Rf4 86. Bc2 Rf6 87. Ke3 Rc6 88. Kd2 Rc7 89. Bd3 Rd7 90. Ke3 Rd8 91. Kd2 Rf8 92. Ke3 Rf6 93. Kd2 Rf4 94. Ke3 Rh4 95. Kd2 Rh3 96. Kc3 Rf3 97. Kd4 Rf6 0-1


[Site "https://www.chess.com"]

[Event "Titled Tuesday Blitz January 31 Early 2023"]
[White "Kejna, Piotr"]
[Black "Ozen, Bahadir"]
[WhiteFideId "21821704"]
[BlackFideId "6337058"]
[WhiteElo "2027"]
[BlackElo "2369"]
[Result "0-1"]
[Round "02"]
[TimeControl "180+2"]
[Date "2023.01.31"]
[WhiteClock "0:00:30"]
[BlackClock "0:01:15"]

1. e4 d6 2. d4 Nf6 3. Nc3 e5 4. dxe5 dxe5 5. Qxd8+ Kxd8 6. Bg5 Be6 7. O-O-O+ Kc8 8. Nf3 Nbd7 9. Bd3 c6 10. Kb1 b5 11. a3 a6 12. Rd2 Ne8 13. Rhd1 f6 14. Be3 Nd6 15. Ng1 Kc7 16. g3 Nb7 17. f4 Nbc5 18. f5 Bf7 19. Nf3 Nb6 20. Be2 Be8 21. g4 Be7 22. h4 a5 23. g5 b4 24. axb4 axb4 25. Bxc5 Bxc5 26. Na2 Bf7 27. b3 Ra3 28. Kb2 Rha8 29. Ra1 Bh5 30. c3 bxc3+ 31. Kxc3 Bxf3 32. Bxf3 Bd4+ 33. Rxd4 exd4+ 34. Kxd4 Rxa2 35. Rc1 Rd8+ 36. Ke3 Nd7 37. Kf4 Ne5 38. gxf6 gxf6 39. Bh5 Nd3+ 0-1


[Site "https://www.chess.com"]

[Event "Titled Tuesday Blitz January 31 Early 2023"]
[White "Vasques, Antonio Pedro Freixial"]
[Black "Kazakouski, Valery"]
[WhiteFideId "1908332"]
[BlackFideId "13507443"]
[WhiteElo "2214"]
[BlackElo "2539"]
[Result "0-1"]
[Round "02"]
[TimeControl "180+2"]
[Date "2023.01.31"]
[WhiteClock "0:00:09"]
[BlackClock "0:00:09"]

1. e4 c5 2. Nf3 a6 3. c4 Nc6 4. Nc3 Nd4 5. d3 d6 6. Be3 e5 7. Nd5 b5 8. Nxd4 cxd4 9. Bg5 Qxg5 10. Nc7+ Kd7 11. Nxa8 Qd8 12. cxb5 axb5 13. b4 Bb7 14. Qb3 Bxa8 15. a4 d5 16. axb5 Nf6 17. Ra7+ Ke6 18. g3 g5 19. Bg2 Bd6 20. Ke2 Qb6 21. Rha1 Bb7 22. exd5+ Kf5 23. Be4+ Nxe4 24. dxe4+ Kg6 25. Kf1 Qxb5+ 26. Kg2 Rb8 27. Qf3 Qd7 28. h4 g4 29. Qe2 h5 30. R1a6 Bxa6 31. Qxa6 Qd8 32. b5 Qf6 33. Rd7 Bc5 34. Qc6 Qxc6 35. bxc6 d3 36. c7 Rc8 37. Kf1 Kf6 38. d6 Bb6 39. Re7 Bxc7 40. Rxc7 Rd8 41. d7 Ke7 42. Ke1 Rxd7 43. Rxd7+ Kxd7 44. Kd2 Kc6 45. Kxd3 Kb5 46. f4 f6 47. f5 Kb4 48. Ke2 Kc4 49. Kf2 Kd3 0-1


[Site "https://www.chess.com"]

[Event "Titled Tuesday Blitz January 31 Early 2023"]
[White "Paichadze, Luka"]
[Black "Babikov, Ivan"]
[WhiteFideId "13602934"]
[BlackFideId "4161106"]
[WhiteElo "2515"]
[BlackElo "2239"]
[Result "0-1"]
[Round "02"]
[TimeControl "180+2"]
[Date "2023.01.31"]
[WhiteClock "0:00:44"]
[BlackClock "0:00:06"]

1. e4 c5 2. b3 d6 3. Bb2 Nc6 4. Nf3 Nf6 5. e5 dxe5 6. Nxe5 Nxe5 7. Bxe5 g6 8. Nc3 Bg7 9. Qf3 O-O 10. h3 Be6 11. Bc4 Bxc4 12. bxc4 Qd7 13. Qe2 Rad8 14. d3 Nh5 15. Bxg7 Nxg7 16. O-O Nf5 17. Nd5 Rfe8 18. Rab1 b6 19. Rfe1 Nd4 20. Qd2 Qd6 21. Re4 Nf5 22. Rbe1 Rd7 23. g4 Nd4 24. Kg2 Kg7 25. c3 Ne6 26. f4 Nc7 27. Nxc7 Qxc7 28. f5 Qd6 29. d4 cxd4 30. cxd4 Qf6 31. Rf1 Red8 32. g5 Qc6 33. d5 Qd6 34. f6+ Kg8 35. Qe3 Re8 36. Re1 e6 37. dxe6 Rxe6 38. Rxe6 fxe6 39. Qxe6+ Qxe6 40. Rxe6 Rd2+ 41. Kf3 Rxa2 42. Re8+ Kf7 43. Re7+ Kg8 44. Ke4 Re2+ 45. Kd5 Rxe7 46. fxe7 Kf7 47. Kc6 Kxe7 48. Kb7 Kd6 49. Kxa7 Kc5 50. h4 Kxc4 51. Kxb6 Kd4 52. Kc6 Ke4 53. Kd6 Kf4 54. Ke6 Kg4 55. Kf6 Kxh4 56. Kg7 Kxg5 57. Kxh7 Kh5 0-1


[Site "https://www.chess.com"]

[Event "Titled Tuesday Blitz January 31 Early 2023"]
[White "Ansh M Shah"]
[Black "Girel, Joseph"]
[WhiteFideId "25033379"]
[BlackFideId "36033561"]
[WhiteElo "2171"]
[BlackElo "2395"]
[Result "0-1"]
[Round "02"]
[TimeControl "180+2"]
[Date "2023.01.31"]
[WhiteClock "0:00:44"]
[BlackClock "0:00:45"]

1. d4 d6 2. c4 e5 3. g3 exd4 4. Qxd4 Nc6 5. Qd1 g6 6. Bg2 Bg7 7. Nf3 Nge7 8. O-O O-O 9. Nc3 Be6 10. Nd2 d5 11. cxd5 Nxd5 12. Nxd5 Bxd5 13. Nf3 Re8 14. a3 a5 15. Bg5 Qd7 16. Qa4 Qe6 17. Be3 Bb3 18. Qh4 Qf6 19. Bg5 Qxb2 20. Rab1 Qa2 21. Bf6 Rxe2 22. Bxg7 Kxg7 23. Ng5 h6 24. Bxc6 hxg5 25. Qd4+ Kg8 26. Bxb7 Rae8 27. Bf3 Rd2 28. Qc5 Be6 29. Ra1 Qb3 30. Qxa5 Qxf3 31. Qxd2 Bh3 0-1


[Site "https://www.chess.com"]

[Event "Titled Tuesday Blitz January 31 Early 2023"]
[White "Koelle, Tobias"]
[Black "Galvan, Jesus"]
[WhiteFideId "16207378"]
[BlackFideId "3800458"]
[WhiteElo "2432"]
[BlackElo "2074"]
[Result "1-0"]
[Round "02"]
[TimeControl "180+2"]
[Date "2023.01.31"]
[WhiteClock "0:01:42"]
[BlackClock "0:00:01"]

1. e4 c5 2. Ne2 Nc6 3. g3 Nf6 4. Bg2 d5 5. exd5 Nxd5 6. O-O e6 7. d4 cxd4 8. Nxd4 Qb6 9. Nxc6 bxc6 10. c4 Nf6 11. b3 Be7 12. Be3 Qc7 13. Bf4 Qb6 14. Nc3 Bb7 15. Na4 Qd8 16. Qe2 O-O 17. Rfd1 Qa5 18. Qd2 Bb4 19. Qc2 h6 20. a3 Be7 21. b4 Qa6 22. Bd6 Bxd6 23. Rxd6 Ne8 24. Rd7 Rb8 25. Rad1 Nf6 26. Rc7 Rfc8 27. Re7 Re8 28. Rxe8+ Rxe8 29. h3 e5 30. Rd6 Bc8 31. Nc5 Qxa3 32. Bxc6 Rf8 33. Qb3 Qxb3 34. Nxb3 Bxh3 35. Bb7 Be6 36. Na5 Rb8 37. c5 Ne8 38. Ra6 Kf8 39. c6 Ke7 40. Rxa7 Kd6 41. b5 Kc5 42. Ba6 Kd6 43. Nb7+ Kc7 44. Nc5+ Kd6 45. Nxe6 fxe6 46. Rd7+ Kc5 47. c7 Nxc7 48. Rxc7+ Kd6 49. Rxg7 Rd8 50. Bb7 Rb8 51. Bc6 e4 52. Rg6 Ke5 53. Rxh6 Rg8 54. Rh4 e3 55. Re4+ Kd6 56. Rxe3 Rb8 57. Kg2 Ke7 58. Rd3 Kf6 59. f4 Kf5 60. Kf3 Kf6 61. Ke4 Ke7 62. g4 Rc8 63. g5 Rb8 64. Ke5 Kf7 65. Rd7+ Kg6 66. Be4+ Kh5 67. Bf3+ Kg6 68. Kxe6 Rxb5 69. Be4+ Kh5 70. g6 Rb6+ 71. Rd6 Rb8 72. g7 Kh6 73. Kf7+ 1-0


[Site "https://www.chess.com"]

[Event "Titled Tuesday Blitz January 31 Early 2023"]
[White "Kirillov, Dmitry"]
[Black "Rohith Krishna S"]
[WhiteFideId "34180572"]
[BlackFideId "46617051"]
[WhiteElo "2179"]
[BlackElo "2385"]
[Result "0-1"]
[Round "02"]
[TimeControl "180+2"]
[Date "2023.01.31"]
[WhiteClock "0:00:04"]
[BlackClock "0:00:45"]

1. d4 d5 2. c4 e6 3. Nc3 Nf6 4. cxd5 exd5 5. Bg5 c6 6. Qc2 h6 7. Bh4 Bd6 8. e3 O-O 9. Bd3 Nbd7 10. Nf3 Qc7 11. O-O Re8 12. Rab1 a5 13. Rfc1 Qb8 14. a3 b5 15. Ne2 Bb7 16. Bg3 Ne4 17. Bxd6 Qxd6 18. Ng3 Nxg3 19. hxg3 a4 20. Bh7+ Kf8 21. Bf5 Nf6 22. Ne5 Rxe5 23. dxe5 Qxe5 24. Bd3 Nd7 25. Qc3 Ke7 26. Qxe5+ Nxe5 27. Be2 Kd6 28. Rd1 f5 29. Rbc1 g6 30. f4 Nd7 31. Kf2 Nf6 32. Bd3 Re8 33. Re1 Ng4+ 34. Kf3 Re7 35. Rc3 c5 0-1


[Site "https://www.chess.com"]